 Dungeon Crawl Stone Soup version 0.27.1-15-g792fb953b9 (webtiles) character file.

Game seed: 1790080933152781841

114 spaced the Firebug (level 4, 0/30 HPs)
             Began as a Demonspawn Fire Elementalist on Nov 19, 2021.
             Slain by a gnoll sergeant (9 damage)
             ... on level 5 of the Dungeon.
             The game lasted 00:15:08 (3906 turns).

spaced the Firebug (Demonspawn Fire Elementalist)   Turns: 3906, Time: 00:15:09

Health: 0/30       AC:  8    Str:  8    XL:     4   Next: 66%
Magic:  6/7        EV: 12    Int: 17    God:
Gold:   106        SH:  0    Dex: 14    Spells: 1/8 levels left

rFire    . . .     SeeInvis .   j - +0 whip
rCold    . . .     Faith    .   (no shield)
rNeg     . . .     Spirit   .   a - +0 robe
rPois    .         Reflect  .   k - +2 helmet
rElec    .         Harm     .   (no cloak)
rCorr    .         Rampage  .   (no gloves)
Will     .....                  (no boots)
Stlth    ++........             (no amulet)
HPRegen  0.10/turn              (no ring)
MPRegen  0.10/turn              (no ring)

@: lethally poisoned (0 -> -14)
A: thin metallic scales 2
a: no special abilities


You were on level 5 of the Dungeon.
You visited 1 branch of the dungeon, and saw 4 of its levels.

You collected 106 gold pieces.

Inventory:

Hand Weapons
 j - a +0 whip (weapon)
Armour
 a - a +0 robe (worn)
 e - a +0 kite shield
 k - a +2 helmet (worn)
Jewellery
 c - a ring of magical power
Scrolls
 b - a scroll of magic mapping {unknown}
 d - a scroll of brand weapon {unknown}
 f - a scroll of amnesia {unknown}
 i - a scroll of acquirement {unknown}


   Skills:
 + Level 0.2 Fighting
 + Level 0.1 Maces & Flails
 + Level 2.3 Dodging
 + Level 2.1 Stealth
 + Level 0.5 Unarmed Combat
 + Level 2.5 Spellcasting
 + Level 2.0 Conjurations
 + Level 3.6 Fire Magic


You had one spell level left.
You knew the following spells:

 Your Spells              Type           Power      Damage    Failure   Level
a - Foxfire               Conj/Fire      44%        2x1d6     6%          1
b - Conjure Flame         Conj/Fire      11%        6-21      17%         3
c - Inner Flame           Hex/Fire       8%         N/A       26%         3

Your spell library contained the following spells:

 Spells                   Type           Power      Damage    Failure   Level
 Magic Dart               Conj           36%        1d4       9%          1
 Searing Ray              Conj           18%        3d3       12%         2
 Sticky Flame             Conj/Fire      11%        2d3       50%         4
 Fulminant Prism          Conj/Hex       2%         3d6       77%         4
 Fireball                 Conj/Fire      5%         3d5       85%         5


Dungeon Overview and Level Annotations

Branches:
Dungeon (3/15)

Altars:
Hepliaklqana

Shops:
D:3 :


Innate Abilities, Weirdness & Mutations

You are mostly covered in thin metallic scales. (AC +3)


Message History

Your Conjurations skill increases to level 2!
Your foxfire dissipates!
Things that are here:
a +0 spear; a +0 hunting sling; a gnoll corpse You fall into a shaft and drop 2 floors!
The shaft crumbles and collapses. 2 hounds, 4 gnolls, a gnoll shaman and 2 gnoll sergeants come into view.
A gnoll sergeant is wielding a +2 spear of venom.
A gnoll sergeant is wielding a +0 spear and wearing a +0 scale mail of poison resistance.
The hound barks!
The gnoll sergeant shouts!
The gnoll shouts! x2
The gnoll shaman shouts!
You hear a bark!
The gnoll shouts!
The hound barks!
You hear a shout!
Casting: Foxfire (safe; 6% risk of failure)
Confirm with . or Enter, or press ? or * to list all spells.
You conjure some foxfire!
The gnoll sergeant shouts!
The gnoll shouts!
You hear a shout!
The foxfire hits the gnoll.
The gnoll is lightly wounded.
The foxfire hits the gnoll but does no damage.
The gnoll is lightly wounded.
A gnoll comes into view. It is wielding a +0 spear.
The hound bites you but does no damage. The gnoll misses you.
The gnoll closely misses you.
You open the large door.
A gnoll comes into view. It is wielding a +0 flail.
The gnoll shouts!
The hound bites you but does no damage.
The gnoll shaman calls upon its god to speed up the gnoll sergeant.
The gnoll sergeant seems to speed up.
The hound bites you but does no damage. The gnoll closely misses you.
The gnoll hits you with a +0 club.
The gnoll sergeant hits you from afar with a +2 spear of venom.
You are poisoned.
You feel very sick.
The gnoll sergeant hits you from afar with a +2 spear of venom.
You are lethally poisoned!
The gnoll barely misses you. The gnoll hits you but does no damage.
* * * LOW HITPOINT WARNING * * *
You feel very sick. The hound bites you but does no damage.
The gnoll sergeant hits you from afar with a +2 spear of venom!
You die...

#.. ..# ###..
.... ....##
#....
....#++#....
#........#
####......#
#..g..g...+
#..'hgg...+
####g@hgg.#
#.....g..#
.....#++#.....
.....g## #....
...... ..##
.###.. ... #..
#. ##


You could see 2 gnoll sergeants, a gnoll shaman, 2 hounds and 6 gnolls.

Vanquished Creatures
  4 gnolls
  An adder (D:3)
  A worm (D:3)
  5 dart slugs
  4 ball pythons
  4 endoplasms
  3 giant cockroaches
  A goblin (D:1)
  2 hobgoblins
  2 jackals (D:1)
  3 kobolds
  6 quokkas (D:1)
  7 bats
  5 frilled lizards
  3 rats
51 creatures vanquished.

Vanquished Creatures (others)
  146 foxfires
146 creatures vanquished.

Grand Total: 197 creatures vanquished

Notes
Turn   | Place    | Note
-------+----------+-------------------------------------------
     0 | D:1      | spaced the Demonspawn Fire Elementalist began the quest for
                  | the Orb.
     0 | D:1      | Reached XP level 1. HP: 13/13 MP: 3/3
   329 | D:1      | Reached skill level 3 in Fire Magic
   420 | D:1      | Gained mutation: You are partially covered in thin metallic
                  | scales. (AC +2) [demonic ancestry]
   420 | D:1      | Reached XP level 2. HP: 17/19 MP: 0/5
  1147 | D:1      | Reached XP level 3. HP: 3/24 MP: 1/6
  1679 | D:2      | Found a hazy altar of Hepliaklqana.
  2029 | D:2      | Learned a level 3 spell: Conjure Flame
  2563 | D:3      | Gained mutation: You are mostly covered in thin metallic
                  | scales. (AC +3) [demonic ancestry]
  2563 | D:3      | Reached XP level 4. HP: 12/30 MP: 1/7
  2564 | D:3      | HP: 1/30 [gnoll (2)]
  2817 | D:2      | Learned a level 3 spell: Inner Flame
  2863 | D:3      | HP: 1/30 [gnoll (6)]
  3299 | D:3      | Found Dyx Rofu's Book Shop.
  3347 | D:3      | Found a faded altar of an unknown god.
  3900 | D:3      | You fall into a shaft and drop 2 floors!
  3900 | D:5      | Entered Level 5 of the Dungeon
  3900 | D:5      | Noticed a gnoll sergeant
  3900 | D:5      | Noticed a gnoll sergeant
  3906 | D:5      | Slain by a gnoll sergeant

Illustrated notes

Levels and vault maps discovered:
D:1:      evilmike_arrival_crescent, layout_rooms, minivault_19,
          grunt_decor_resistance
D:2:      layout_basic, basic_altar
D:3:      layout_loops_ring, serial_shops, shop, serial_forest,
          infiniplex_forest_clump_double, infiniplex_forest_clump_small,
          infiniplex_forest_straight_4, infiniplex_forest_lined_2,
          infiniplex_forest_lined_corner, infiniplex_forest_clump_long,
          hellmonk_ecumenical_altar_zigzags, kennysheep_donut
D:5:      layout_cave_pools, mainiacjoe_overflow_tiny_flanked,
          minmay_temple_entry_proselytizer, serial_gnoll_camp,
          gnoll_camp_huts_basic, gnoll_camp_mini_loothouse,
          gnoll_camp_medium_01, gnoll_camp_mini_sergeant, hangedman_decor_lopped

Skill      XL: |  1  2  3  4 |
---------------+-------------+-----
Fire Magic     | 3 |  3.6
Stealth        | 2 |  2.1
Dodging        | 2 |  2.3
Conjurations   | 2 |  2.0
Fighting       | |  0.2
Maces & Flails | |  0.1
Unarmed Combat | |  0.5
Spellcasting   | |  2.5

Action                   |  1- 3 |  4- 6 || total
-------------------------+-------+-------++-------
Melee: Unarmed           |    46 |       ||    46
       Whip              |    21 |    11 ||    32
 Cast: Foxfire           |    62 |    26 ||    88
  Use: Scroll            |     4 |     1 ||     5
       Potion            |       |     2 ||     2
Armor: Robe              |    25 |    15 ||    40
Dodge: Dodged            |    54 |    21 ||    75
